 Dungeon Sprint DCSS version 0.23.0-3-gf3c87f2 (webtiles) character file.

Game seed: 12143750213494882696

4100000 Fang the Intangible (level 21, -43/163 HPs)
             Began as a Tengu Gladiator on Feb 21, 2019.
             Was the Champion of Makhleb.
             Annihilated by a destroyer
             ... wielding a +9 great sword of slicing
              (206 damage)
             ... in the Dungeon (Sprint VIII: "Arena of Blood").
             The game lasted 00:00:54 (41 turns).

Fang the Intangible (Tengu Gladiator)                 Turns: 41, Time: 00:00:55

Health: -43/163    AC:  6    Str: 21    XL:     21   Next: 71%
Magic:  13/48      EV: 41    Int:  9    God:    Makhleb [******]
Gold:   0          SH:  0    Dex: 19    Spells: 64/64 levels left

rFire    . . .     SeeInvis .   l - +∞ Axe of Woe
rCold    . . .     Gourm    .   (shield currently unavailable)
rNeg     . . .     Faith    .   b - +0 leather armour
rPois    .         Spirit   .   c - +0 hat
rElec    .         Reflect  .   (no cloak)
rCorr    .         Harm     .   (no gloves)
MR       +....     NoTele   +   (boots unavailable)
Stlth    +++++++++.             (no amulet)
HPRegen  0.37/turn              (no ring)
MPRegen  0.31/turn              (no ring)

@: flying quickly and evasively, quick
A: beak, talons 3, able to fly
a: Stop Flying, Minor Destruction, Lesser Servant of Makhleb, Major Destruction,
Greater Servant of Makhleb, Renounce Religion


You were in the Dungeon.
You worshipped Makhleb.
Makhleb was exalted by your worship.
You were not hungry.

You visited 1 branch

Inventory:

Hand Weapons
 a - a +0 war axe
 l - the +∞ Axe of Woe (weapon)
   (You found it in the Dungeon)
Missiles
 d - 3 throwing nets (quivered)
Armour
 b - a +0 leather armour (worn)
 c - a +0 hat (worn)
Scrolls
 k - a scroll of blinking
Potions
 e - a potion of curing
 g - a potion of heal wounds
 h - a potion of haste
 i - 2 potions of magic
 j - a potion of berserk rage
Comestibles
 f - a ration


   Skills:
 O Level 27 Fighting
 O Level 27 Axes
 O Level 27 Throwing
 + Level 25.5 Armour
 O Level 27 Dodging
 + Level 25.5 Stealth
 + Level 25.5 Unarmed Combat
 + Level 22.2 Spellcasting
 + Level 22.2 Invocations


You had 64 spell levels left.
You didn't know any spells.
Your spell library was empty.

Dungeon Overview and Level Annotations

Branches:
Dungeon (1/1)

Altars:
Makhleb


Innate Abilities, Weirdness & Mutations

You have a beak for a mouth.
You have claws for feet.
You can fly continuously.


Message History

Unknown command.
You slice the bag of meat!!
You fatally mangle the bag of meat.
You kill the bag of meat!
Makhleb accepts your kill.
Your Armour skill increases to level 25!
Your Stealth skill increases to level 25!
Your Unarmed Combat skill increases to level 25!
Your Spellcasting skill increases to level 22!
Your Invocations skill increases to level 22!
A meat berserker comes into view. It is wielding a +9 battleaxe.
You hear a shout!
A bag of meat comes into view. It is wielding a +9 war axe.
You hear a shout! x3
Unknown command.
A bag of meat comes into view. It is wielding a +9 war axe.
You hear a shout! x2
The meat berserker rages.
The destroyer hits you with a +9 great sword of slicing!!!!!
Ouch! That really hurt!
You die...

......... .#.o.....
#.......# oo..#....
#.......# .
.#Ooooo.###.......###..
...oO........###......
....O#ooo....._......
...#o...o..#.....#
#......o)o.#_.<._#
#...@)..#))...#.
.....#V.)○§☼.._......
........).☼..###......
........###§..%...###..
....%.... #.......# .
......... #.......#
.#....... .o.......
.#.#..........%... .#..
....%.%..


You could see a destroyer, 3 meat berserkers and 14 bags of meat.

Vanquished Creatures
  6 ogres (D)
  A two-headed ogre (D)
  16 orcs (D)
23 creatures vanquished.

Notes
Turn   | Place    | Note
-------+----------+-------------------------------------------
     0 | D        | Found the +∞ Axe of Woe
     0 | D        | Fang the Tengu Gladiator began the quest for the Orb.
     0 | D        | Reached XP level 1. HP: 12/12 MP: 2/2
     2 | D        | Noticed a bag of meat
     4 | D        | Became a worshipper of Makhleb the Destroyer
    12 | D        | Noticed a bag of meat
    15 | D        | Noticed a bag of meat
    15 | D        | Noticed a bag of meat
    15 | D        | Noticed a bag of meat
    19 | D        | Killed a bag of meat
    19 | D        | Reached skill level 15 in Axes
    19 | D        | Reached skill level 15 in Dodging
    19 | D        | Reached XP level 2. HP: 34/34 MP: 3/3
    19 | D        | Reached XP level 3. HP: 39/39 MP: 4/4
    19 | D        | Reached XP level 4. HP: 44/44 MP: 5/5
    19 | D        | Gained mutation: You can fly continuously. [Tengu growth]
    19 | D        | Reached XP level 5. HP: 49/49 MP: 6/6
    19 | D        | Reached XP level 6. HP: 55/55 MP: 7/7
    19 | D        | Reached XP level 7. HP: 60/60 MP: 8/8
    19 | D        | Reached XP level 8. HP: 65/65 MP: 9/9
    19 | D        | Reached XP level 9. HP: 70/70 MP: 10/10
    19 | D        | Reached XP level 10. HP: 76/76 MP: 11/11
    19 | D        | Reached XP level 11. HP: 80/80 MP: 12/12
    19 | D        | Reached XP level 12. HP: 86/86 MP: 13/13
    21 | D        | Killed a bag of meat
    21 | D        | Reached * piety under Makhleb
    21 | D        | Reached XP level 13. HP: 95/95 MP: 10/14
    21 | D        | Killed a bag of meat
    21 | D        | Reached XP level 14. HP: 104/104 MP: 10/15
    22 | D        | Killed a bag of meat
    23 | D        | Noticed a bag of meat
    23 | D        | Noticed a bag of meat
    23 | D        | Noticed a large bag of meat
    23 | D        | Noticed a meat berserker
    24 | D        | Noticed a bag of meat
    24 | D        | Noticed a bag of meat
    24 | D        | Noticed a bag of meat
    24 | D        | Noticed a meat berserker
    25 | D        | Noticed a meat berserker
    25 | D        | Noticed a bag of meat
    25 | D        | Noticed a meat berserker
    26 | D        | Noticed a meat berserker
    27 | D        | Killed a bag of meat
    27 | D        | Reached ** piety under Makhleb
    27 | D        | Reached XP level 15. HP: 112/112 MP: 10/16
    27 | D        | Killed a meat berserker
    27 | D        | Reached XP level 16. HP: 123/123 MP: 10/17
    27 | D        | Noticed a meat berserker
    28 | D        | Reached *** piety under Makhleb
    29 | D        | Killed a meat berserker
    29 | D        | Reached XP level 17. HP: 134/134 MP: 11/18
    29 | D        | Killed a large bag of meat
    29 | D        | Reached skill level 27 in Fighting
    29 | D        | Reached skill level 27 in Axes
    29 | D        | Reached skill level 27 in Throwing
    29 | D        | Reached skill level 27 in Dodging
    29 | D        | Reached skill level 1 in Armour
    29 | D        | Reached skill level 1 in Stealth
    29 | D        | Reached skill level 1 in Unarmed Combat
    29 | D        | Reached XP level 18. HP: 145/145 MP: 11/20
    30 | D        | Killed a meat berserker
    30 | D        | Reached **** piety under Makhleb
    30 | D        | Reached skill level 10 in Armour
    30 | D        | Reached skill level 10 in Stealth
    30 | D        | Reached skill level 10 in Unarmed Combat
    30 | D        | Reached skill level 10 in Spellcasting
    30 | D        | Reached skill level 10 in Invocations
    31 | D        | Reached XP level 19. HP: 134/151 MP: 11/36
    32 | D        | Killed a meat berserker
    32 | D        | Killed a meat berserker
    32 | D        | Reached ***** piety under Makhleb
    33 | D        | Reached XP level 20. HP: 157/157 MP: 11/42
    34 | D        | Noticed a meat berserker
    34 | D        | Noticed a destroyer
    35 | D        | Killed a meat berserker
    37 | D        | Reached XP level 21. HP: 163/163 MP: 12/46
    37 | D        | Noticed a meat berserker
    39 | D        | Reached ****** piety under Makhleb
    40 | D        | Noticed a meat berserker
    41 | D        | Annihilated by a destroyer

Skill      XL: |  1  2  3  4  5  6  7  8  9 10 11 12 13 14 15 16 17 18 19 20 21 |
---------------+----------------------------------------------------------------+-----
Fighting       | 14 16 18 20 22 24 27 | 27.0
Axes           | 15 18 19 21 23 26 27 | 27.0
Throwing       | 14 16 18 20 22 24 27 | 27.0
Dodging        | 15 18 19 21 23 26 27 | 27.0
Armour         | 1 14 19 23 25 | 25.5
Stealth        | 1 14 19 23 25 | 25.5
Unarmed Combat | 1 14 19 23 25 | 25.5
Spellcasting   | 12 17 20 22 | 22.2
Invocations    | 12 17 20 22 | 22.2

Action                   |  1- 3 |  4- 6 |  7- 9 | 10-12 | 13-15 | 16-18 | 19-21 || total
-------------------------+-------+-------+-------+-------+-------+-------+-------++-------
Melee: Executioner's axe |     1 |       |       |     1 |     2 |     4 |     8 ||    16
 Abil: Fly               |       |       |       |     1 |       |       |       ||     1
Dodge: Dodged            |       |       |       |     1 |       |       |       ||     1
